Bruins vs Islanders

Created - 2 janvier 2018 at 15:55

Goals
1 2 3 T
Bruins 1 0 0 1
Islanders 1 1 2 4
Shots
1 2 3 T
Bruins 13 4 3 20
Islanders 10 10 16 36

1st period

1. Islanders , Chris Higgins 11 (Denis Tolpeko 12, Jared Cowen 10) at 3:23
2. Bruins , Scott Gomez 12 (Filip Forsberg 13) at 7:20 (PP)

Penalties :
Tomas Surovy (NYI) for Interference (Minor) at 3:54, Leo Komarov (NYI) for Hooking (Minor) at 7:02, Alex Burrows (NYI) for Tripping (Minor) at 18:12

2nd period

3. Islanders , Denis Tolpeko 4 (Nino Niederreiter 2, Grant Clitsome 16) at 14:56

Penalties :
Leo Komarov (NYI) for Roughing (Minor) at 1:36, Dylan Olsen (NYI) for Goalie Interference (Minor) at 16:23, Nino Niederreiter (NYI) for Slashing (Minor) at 19:43

3rd period

4. Islanders , Jiri Tlusty 7 (Carl Gunnarsson 19) at 7:33
5. Islanders , Wayne Simmonds 9 (Tomas Surovy 13, Carl Gunnarsson 20) at 8:57

Penalties :
Rickard Rakell (BOS) for Hooking (Minor) at 2:06, Alex Burrows (NYI) for Holding (Minor) at 2:25, Cody Franson (BOS) for Interference (Minor) at 2:25, Brent Burns (BOS) for Boarding (Minor) at 17:32

Goalie Stats

Tuukka Rask (BOS), 32 saves from 36 shots - (0,889), L, 20-10-6, 60:00 minutes
Carey Price (NYI), 19 saves from 20 shots - (0,950), W, 17-17-3, 60:00 minutes

Players Stats for Bruins

Player Name              G  A  P  +/- PIM S  H  SB GA TA FO     MP     PP MP  PK MP  
------------------------------------------------------------------------------------
Alex Goligoski           0  0  0  -1  0   1  0  0  0  0  0/0    25:02   4:32   1:15 
Brad Marchand            0  0  0   0  0   4  2  0  0  0  0/3    19:18   4:02   0:00 
Brent Burns              0  0  0  -1  2   4  2  1  0  0  0/2    26:28   6:11   0:58 
Charlie Coyle            0  0  0  -2  0   1  0  0  0  0  4/5     8:38   0:00   0:00 
Cody Franson             0  0  0  -3  2   0  3  1  0  0  0/0    22:25   5:41   1:02 
Dale Weise               0  0  0  -1  0   0  1  0  0  0  0/0    10:00   0:00   0:00 
Dion Phaneuf             0  0  0  -3  0   2  2  1  0  0  0/0    24:58   5:41   2:19 
Dmitri Kalinin           0  0  0   0  0   0  1  0  0  0  0/0    10:01   0:00   0:06 
Filip Forsberg           0  1  1  -1  0   1  0  0  0  0  11/17  14:57   4:02   0:06 
Jeff Tambellini          0  0  0  -2  0   0  0  0  0  0  0/1     8:38   0:00   0:00 
John Tavares             0  0  0  -1  0   1  0  0  0  0  1/1    10:00   0:00   0:00 
Kyle Turris              0  0  0  -1  0   4  1  0  0  0  20/34  19:45   6:11   1:58 
Rickard Rakell           0  0  0  -2  2   0  0  0  0  0  1/1     8:37   0:00   0:00 
Ryan McDonagh            0  0  0  -1  0   0  3  4  0  0  0/0    27:35   4:32   2:15 
Ryan O'Marra             0  0  0   0  0   0  2  0  0  0  14/20  15:29   0:00   0:13 
Scott Gomez              1  0  1   0  0   1  0  0  0  0  1/4    21:47   4:02   1:43 
Travis Moen              0  0  0   0  0   0  0  0  0  0  0/0     0:03   0:00   0:03 
Tyler Seguin             0  0  0  -1  0   1  4  0  0  0  4/4    20:19   6:11   2:13 

Players Stats for Islanders

Player Name              G  A  P  +/- PIM S  H  SB GA TA FO     MP     PP MP  PK MP  
------------------------------------------------------------------------------------
Alex Burrows             0  0  0   0  4   10 7  0  0  0  1/2    17:02   1:15   0:00 
Brian Strait             0  0  0   1  0   0  1  0  0  0  0/0    20:19   1:02   4:03 
Carl Gunnarsson          0  2  2   3  0   2  4  3  0  0  0/0    23:08   0:00   6:10 
Casey Cizikas            0  0  0   0  0   0  1  0  0  0  2/3    14:13   0:00   2:51 
Chris Higgins            1  0  1   2  0   2  0  0  0  0  4/7     7:41   0:00   1:03 
Denis Tolpeko            1  1  2   2  0   1  0  0  0  0  0/0     5:11   0:00   0:00 
Drew Stafford            0  0  0   0  0   2  0  0  0  0  0/0    12:49   0:00   0:00 
Dylan Olsen              0  0  0   0  2   3  3  1  0  0  0/0    13:41   0:24   0:00 
Grant Clitsome           0  1  1   3  0   0  2  2  0  0  0/0    26:08   0:52   6:10 
Jared Cowen              0  1  1   1  0   2  1  0  0  0  0/0    22:37   1:02   4:03 
Jiri Tlusty              1  0  1   2  0   3  1  0  0  0  11/19  14:11   1:02   0:00 
Leo Komarov              0  0  0   0  4   1  4  0  0  0  10/27  17:14   0:00   5:22 
Mike Lundin              0  0  0   0  0   1  0  1  0  0  0/0    14:06   1:16   0:00 
Nick Bonino              0  0  0   0  0   0  0  1  0  0  4/6    21:18   1:16   4:14 
Nino Niederreiter        0  1  1   2  2   0  1  0  0  0  0/0     5:42   0:00   0:00 
Scott Glennie            0  0  0   0  0   3  0  0  0  0  4/26   17:04   1:16   0:00 
Tomas Surovy             0  1  1   2  2   2  2  1  0  0  0/0    14:10   1:02   0:00 
Wayne Simmonds           1  0  1   2  0   4  0  0  0  0  0/2    21:07   1:02   6:56 

3 Stars

1 - Carl Gunnarsson (NYI)
2 - Denis Tolpeko (NYI)
3 - Jiri Tlusty (NYI)

Power Play

Bruins - 1 on 6 Attempt(s) - 16,67%
Islanders - 0 on 2 Attempt(s) - 0,00%

Penalty Kill

Bruins - 2 on 2 Attempt(s) - 100,00% - Score 0 goal in Penalty Kill
Islanders - 5 on 6 Attempt(s) - 83,33% - Score 0 goal in Penalty Kill

Team Stat

Bruins - Hits : 21 - Faceoff Wins : 56 - Blocked Shots : 7 - Penalty Minutes : 6
Islanders - Hits : 27 - Faceoff Wins : 36 - Blocked Shots : 9 - Penalty Minutes : 14

Official

Referees : Dennis LaRue and Cameron Voss
Linesman : Brian Lambert and Matt McNulty

Game Notes

Carl Gunnarsson is injured at 13:49 of 3rd period (Left Leg)

Finance

Level 1 -- Attendance: 3300 (60,00%) -- Ticket Income 825 000 $
Level 2 -- Attendance: 2700 (60,00%) -- Ticket Income 337 500 $
Level 3 -- Attendance: 2100 (60,00%) -- Ticket Income 189 000 $
Level 4 -- Attendance: 2100 (60,00%) -- Ticket Income 126 000 $
Luxury Box -- Attendance: 979 (63,28%) -- Ticket Income 342 650 $
Game was played at the Nassau Veterans Memorial Coliseum.
Total Attendance: 11179 (60,27%)
Total Ticket Income: 1 820 150 $
Other Income: 891 874 $
Total Income: 2 712 024 $

Bruins

5 vs 5 Forward 
   Center                   Left Wing                Right Wing               Time % Phy DF OF 
 1 Kyle Turris              Brent Burns              Tyler Seguin             37     1   2  2  
 2 Ryan O'Marra             Scott Gomez              Brad Marchand            36     1   2  2  
 3 Filip Forsberg           John Tavares             Dale Weise               17     1   2  2  
 4 Charlie Coyle            Jeff Tambellini          Rickard Rakell           10     1   2  2  

5 vs 5 Defense 
   Defense                  Defense                                           Time % Phy DF OF 
 1 Alex Goligoski           Ryan McDonagh                                     40     1   2  2  
 2 Dion Phaneuf             Cody Franson                                      30     1   2  2  
 3 Dmitri Kalinin           Brent Burns                                       20     1   2  2  
 4 Dion Phaneuf             Ryan McDonagh                                     10     1   2  2  

PowerPlay Forward 
   Center                   Left Wing                Right Wing               Time % Phy DF OF 
 1 Kyle Turris              Brent Burns              Tyler Seguin             60     1   2  2  
 2 Filip Forsberg           Scott Gomez              Brad Marchand            40     1   2  2  

PowerPlay Defense
   Defense                  Defense                                           Time % Phy DF OF 
 1 Cody Franson             Dion Phaneuf                                      60     1   2  2  
 2 Ryan McDonagh            Alex Goligoski                                    40     1   2  2  

Penalty Kill 4 Players Forward 
   Center                   Wing                     Time % Phy DF OF 
 1 Tyler Seguin             Scott Gomez              60     1   2  2  
 2 Kyle Turris              Filip Forsberg           40     1   2  2  

Penalty Kill 4 Players Defense
   Defense                  Defense                  Time % Phy DF OF 
 1 Alex Goligoski           Dion Phaneuf             60     1   2  2  
 2 Ryan McDonagh            Cody Franson             40     1   2  2  

Penalty Kill - 3 Players Forward 
   Forward                                           Time % Phy DF OF 
 1 Kyle Turris                                       60     1   2  2  
 2 Tyler Seguin                                      40     1   2  2  

Penalty Kill - 3 Players Defense
   Defense                  Defense                  Time % Phy DF OF 
 1 Brent Burns              Cody Franson             60     1   2  2  
 2 Ryan McDonagh            Dion Phaneuf             40     1   2  2  

4 vs 4 Forward 
   Center                   Wing                     Time % Phy DF OF 
 1 Filip Forsberg           Tyler Seguin             60     1   2  2  
 2 Kyle Turris              Brent Burns              40     1   2  2  

4 vs 4 Defense
   Defense                  Defense                  Time % Phy DF OF 
 1 Dion Phaneuf             Alex Goligoski           60     1   2  2  
 2 Ryan McDonagh            Cody Franson             40     1   2  2  

Last Minutes Offensive
   Center                   Left Wing                Right Wing               Defense                  Defense                  
   Kyle Turris              Brad Marchand            Scott Gomez              Brent Burns              Alex Goligoski           

Last Minutes Defensive
   Center                   Left Wing                Right Wing               Defense                  Defense                  
   Kyle Turris              Brent Burns              Scott Gomez              Ryan McDonagh            Dion Phaneuf             

Goaltenders
Starting : Tuukka Rask              
Backup : Dany Sabourin            

Extra Forwards
Normal : Kyle Turris, Tyler Seguin, Filip Forsberg - PP : Kyle Turris, Tyler Seguin - PK : Kyle Turris
Extra Defensemen
Normal : Ryan McDonagh, Dion Phaneuf, Cody Franson - PP : Ryan McDonagh - PK : Ryan McDonagh, Dion Phaneuf
Penalty Shots
Kyle Turris, Tyler Seguin, Brent Burns, Filip Forsberg, Scott Gomez
Custom OT Lines Forwards
John Tavares, Tyler Seguin, Brent Burns, Scott Gomez, Kyle Turris, Filip Forsberg, Brad Marchand, Jeff Tambellini, Dale Weise, Rickard Rakell
Custom OT Lines Defensemen
Dmitri Kalinin, Dion Phaneuf, Ryan McDonagh, Cody Franson, Alex Goligoski

Scratches
Phil Kessel (Sprained Left Knee Injury), Tommy Cross (Healthy), Marc Cheverie (Healthy)

Islanders

5 vs 5 Forward 
   Center                   Left Wing                Right Wing               Time % Phy DF OF 
 1 Scott Glennie            Nick Bonino              Alex Burrows             35     0   2  3  
 2 Jiri Tlusty              Wayne Simmonds           Tomas Surovy             30     0   2  3  
 3 Leo Komarov              Casey Cizikas            Drew Stafford            25     1   2  2  
 4 Chris Higgins            Denis Tolpeko            Nino Niederreiter        10     1   3  1  

5 vs 5 Defense 
   Defense                  Defense                                           Time % Phy DF OF 
 1 Carl Gunnarsson          Grant Clitsome                                    40     0   2  3  
 2 Brian Strait             Jared Cowen                                       30     0   2  3  
 3 Dylan Olsen              Mike Lundin                                       20     1   2  2  
 4 Carl Gunnarsson          Grant Clitsome                                    10     1   2  2  

PowerPlay Forward 
   Center                   Left Wing                Right Wing               Time % Phy DF OF 
 1 Scott Glennie            Nick Bonino              Alex Burrows             60     0   0  5  
 2 Jiri Tlusty              Wayne Simmonds           Tomas Surovy             40     0   0  5  

PowerPlay Defense
   Defense                  Defense                                           Time % Phy DF OF 
 1 Carl Gunnarsson          Grant Clitsome                                    60     1   1  3  
 2 Brian Strait             Jared Cowen                                       40     1   1  3  

Penalty Kill 4 Players Forward 
   Center                   Wing                     Time % Phy DF OF 
 1 Leo Komarov              Wayne Simmonds           60     1   4  0  
 2 Nick Bonino              Casey Cizikas            40     1   4  0  

Penalty Kill 4 Players Defense
   Defense                  Defense                  Time % Phy DF OF 
 1 Carl Gunnarsson          Grant Clitsome           60     1   4  0  
 2 Brian Strait             Jared Cowen              40     1   4  0  

Penalty Kill - 3 Players Forward 
   Forward                                           Time % Phy DF OF 
 1 Leo Komarov                                       60     0   5  0  
 2 Nick Bonino                                       40     0   5  0  

Penalty Kill - 3 Players Defense
   Defense                  Defense                  Time % Phy DF OF 
 1 Carl Gunnarsson          Grant Clitsome           60     0   5  0  
 2 Brian Strait             Jared Cowen              40     0   5  0  

4 vs 4 Forward 
   Center                   Wing                     Time % Phy DF OF 
 1 Chris Higgins            Drew Stafford            60     0   2  3  
 2 Leo Komarov              Nino Niederreiter        40     0   2  3  

4 vs 4 Defense
   Defense                  Defense                  Time % Phy DF OF 
 1 Carl Gunnarsson          Grant Clitsome           60     0   2  3  
 2 Brian Strait             Jared Cowen              40     0   2  3  

Last Minutes Offensive
   Center                   Left Wing                Right Wing               Defense                  Defense                  
   Scott Glennie            Alex Burrows             Tomas Surovy             Carl Gunnarsson          Grant Clitsome           

Last Minutes Defensive
   Center                   Left Wing                Right Wing               Defense                  Defense                  
   Scott Glennie            Alex Burrows             Leo Komarov              Carl Gunnarsson          Grant Clitsome           

Goaltenders
Starting : Carey Price              
Backup : Jaroslav Halak           

Extra Forwards
Normal : Alex Burrows, Scott Glennie, Jiri Tlusty - PP : Chris Higgins, Wayne Simmonds - PK : Nick Bonino
Extra Defensemen
Normal : Jared Cowen, Mike Lundin, Brian Strait - PP : Jared Cowen - PK : Mike Lundin, Brian Strait
Penalty Shots
Tomas Surovy, Wayne Simmonds, Scott Glennie, Nick Bonino, Jiri Tlusty
Custom OT Lines Forwards
Scott Glennie, Wayne Simmonds, Nick Bonino, Alex Burrows, Jiri Tlusty, Chris Higgins, Drew Stafford, Tomas Surovy, Leo Komarov, Nino Niederreiter
Custom OT Lines Defensemen
Carl Gunnarsson, Grant Clitsome, Brian Strait, Jared Cowen, Dylan Olsen

Scratches
Manny Malhotra (Suspend), Anton Babchuk (Healthy), Adam McQuaid (Healthy)

% Time on Ice - Bruins

Lines # - Real PCT - Wanted PCT - Time Play
Normal Forward
1 - 25% - 37% - 11:36
2 - 34% - 36% - 15:16
3 - 22% - 17% - 10:00
4 - 19% - 10% - 8:38
Normal Defense
1 - 42% - 40% - 18:56
2 - 35% - 30% - 15:42
3 - 22% - 20% - 9:55
4 - 2% - 10% - 0:57
PP Forward
1 - 61% - 60% - 6:11
2 - 39% - 40% - 4:02
PP Defense
1 - 56% - 60% - 5:41
2 - 44% - 40% - 4:32
PK Forward
1 - 96% - 60% - 2:12
2 - 4% - 40% - 0:06
PK Defense
1 - 54% - 60% - 1:15
2 - 46% - 40% - 1:03
PK3 Forward
1 - 72% - 60% - 1:12
2 - 28% - 40% - 0:28
PK3 Defense
1 - 64% - 60% - 1:04
2 - 36% - 40% - 0:36
44 Forward
1 - 100% - 60% - 0:19
2 - 0% - 40% - 0:00
44 Defense
1 - 100% - 60% - 0:19
2 - 0% - 40% - 0:00
Last Minute Offensive  - 0:00
Last Minute Defensive  - 0:00
Total
Forward - 60:00
Defense - 60:00

% Time on Ice - Islanders

Lines # - Real PCT - Wanted PCT - Time Play
Normal Forward
1 - 35% - 35% - 15:48
2 - 29% - 30% - 13:09
3 - 25% - 25% - 11:22
4 - 11% - 10% - 5:11
Normal Defense
1 - 37% - 40% - 16:55
2 - 32% - 30% - 14:33
3 - 28% - 20% - 12:50
4 - 3% - 10% - 1:12
PP Forward
1 - 55% - 60% - 1:16
2 - 45% - 40% - 1:02
PP Defense
1 - 55% - 60% - 1:16
2 - 45% - 40% - 1:02
PK Forward
1 - 75% - 60% - 7:39
2 - 25% - 40% - 2:34
PK Defense
1 - 60% - 60% - 6:10
2 - 40% - 40% - 4:03
PK3 Forward
1 - 0% - 60%
2 - 0% - 40%
PK3 Defense
1 - 0% - 60%
2 - 0% - 40%
44 Forward
1 - 73% - 60% - 1:27
2 - 27% - 40% - 0:32
44 Defense
1 - 73% - 60% - 1:27
2 - 27% - 40% - 0:32
Last Minute Offensive  - 0:00
Last Minute Defensive  - 0:00
Total
Forward - 60:00
Defense - 60:00

Play by Play

1st period


0:01 of 1st period - Alex Burrows wins face-off versus Kyle Turris in neutral zone.
0:08 of 1st period - Shot by Scott Glennie.
0:08 of 1st period - Deflect By Nick Bonino.
0:08 of 1st period - Shot Blocked by Ryan McDonagh.
0:13 of 1st period - Icing by Tyler Seguin.
0:14 of 1st period - Kyle Turris wins face-off versus Jiri Tlusty in Bruins zone.
0:28 of 1st period - Shot by Tomas Surovy.
0:28 of 1st period - Shot Misses the Net.
2:02 of 1st period - Shot by Nick Bonino.
2:02 of 1st period - Shot Misses the Net.
2:36 of 1st period - Shot by Filip Forsberg.
2:36 of 1st period - Deflect By John Tavares.
2:36 of 1st period - Shot Blocked by Carl Gunnarsson.
2:38 of 1st period - Shot by Filip Forsberg.
2:38 of 1st period - Shot Misses the Net.
3:08 of 1st period - Ryan McDonagh is hit by Alex Burrows and loses puck.
3:23 of 1st period - Shot by Chris Higgins.
3:23 of 1st period - Goal by Chris Higgins - Bruins : 0 - Islanders : 1.
3:24 of 1st period - Rickard Rakell wins face-off versus Jiri Tlusty in neutral zone.
3:54 of 1st period - Minor Penalty to Tomas Surovy for Interference.
3:55 of 1st period - Filip Forsberg wins face-off versus Leo Komarov in Islanders zone.
4:06 of 1st period - Shot by Filip Forsberg.
4:06 of 1st period - Stopped by Carey Price without a rebound.
4:07 of 1st period - Leo Komarov wins face-off versus Kyle Turris in Islanders zone.
4:07 of 1st period - Leo Komarov is hit by Tyler Seguin.
4:19 of 1st period - Shot by Brent Burns.
4:19 of 1st period - Stopped by Carey Price without a rebound.
4:20 of 1st period - Leo Komarov wins face-off versus Filip Forsberg in Islanders zone.
4:51 of 1st period - Shot by Brad Marchand.
4:51 of 1st period - Shot Misses the Net.
4:53 of 1st period - Shot by Scott Gomez.
4:53 of 1st period - Shot Misses the Net.
4:55 of 1st period - Shot by Filip Forsberg.
4:55 of 1st period - Shot Misses the Net.
5:31 of 1st period - Shot by Alex Goligoski.
5:31 of 1st period - Stopped by Carey Price without a rebound.
5:32 of 1st period - Nick Bonino wins face-off versus Kyle Turris in Islanders zone.
5:57 of 1st period - Shot by Chris Higgins.
5:57 of 1st period - Stopped by Tuukka Rask with a rebound.
5:59 of 1st period - Shot by Denis Tolpeko.
5:59 of 1st period - Shot Misses the Net.
6:01 of 1st period - Shot by Mike Lundin.
6:01 of 1st period - Stopped by Tuukka Rask without a rebound.
6:02 of 1st period - Chris Higgins wins face-off versus Charlie Coyle in Bruins zone.
6:36 of 1st period - Rickard Rakell is hit by Dylan Olsen and loses puck.
6:41 of 1st period - Shot by Charlie Coyle.
6:41 of 1st period - Shot Misses the Net.
7:01 of 1st period - Leo Komarov is hit by Brad Marchand.
7:02 of 1st period - Minor Penalty to Leo Komarov for Hooking.
7:03 of 1st period - Kyle Turris wins face-off versus Nick Bonino in Islanders zone.
7:16 of 1st period - Shot by Dion Phaneuf.
7:16 of 1st period - Stopped by Carey Price without a rebound.
7:17 of 1st period - Filip Forsberg wins face-off versus Nick Bonino in Islanders zone.
7:18 of 1st period - Shot by Scott Gomez.
7:18 of 1st period - Shot Misses the Net.
7:20 of 1st period - Shot by Scott Gomez.
7:20 of 1st period - Goal by Scott Gomez - Bruins : 1 - Islanders : 1.
7:21 of 1st period - Kyle Turris wins face-off versus Leo Komarov in neutral zone.
7:28 of 1st period - Icing by Carl Gunnarsson.
7:29 of 1st period - Leo Komarov wins face-off versus Kyle Turris in Islanders zone.
7:29 of 1st period - Casey Cizikas is hit by Dion Phaneuf and loses puck.
7:42 of 1st period - Icing by Cody Franson.
7:43 of 1st period - Kyle Turris wins face-off versus Jiri Tlusty in Bruins zone.
7:52 of 1st period - Shot by Brent Burns.
7:52 of 1st period - Stopped by Carey Price without a rebound.
7:53 of 1st period - Ryan O'Marra wins face-off versus Scott Glennie in Islanders zone.
8:25 of 1st period - Shot by Alex Burrows.
8:25 of 1st period - Stopped by Tuukka Rask with a rebound.
8:27 of 1st period - Shot by Alex Burrows.
8:27 of 1st period - Stopped by Tuukka Rask without a rebound.
8:28 of 1st period - Jiri Tlusty wins face-off versus Brent Burns in Bruins zone.
9:05 of 1st period - Icing by Jared Cowen.
9:06 of 1st period - Jiri Tlusty wins face-off versus Scott Gomez in Islanders zone.
9:16 of 1st period - Shot by Brad Marchand.
9:16 of 1st period - Stopped by Carey Price without a rebound.
9:17 of 1st period - Leo Komarov wins face-off versus Filip Forsberg in Islanders zone.
9:17 of 1st period - Leo Komarov is hit by Dale Weise.
9:38 of 1st period - Casey Cizikas is hit by Ryan McDonagh and loses puck.
9:47 of 1st period - Shot by Drew Stafford.
9:47 of 1st period - Deflect By Casey Cizikas.
9:47 of 1st period - Shot Misses the Net.
9:49 of 1st period - Shot by Carl Gunnarsson.
9:49 of 1st period - Shot Blocked by Ryan McDonagh.
9:51 of 1st period - Shot by Carl Gunnarsson.
9:51 of 1st period - Stopped by Tuukka Rask without a rebound.
9:52 of 1st period - Ryan O'Marra wins face-off versus Scott Glennie in Bruins zone.
9:58 of 1st period - Icing by Brent Burns.
9:59 of 1st period - Ryan O'Marra wins face-off versus Scott Glennie in Bruins zone.
10:36 of 1st period - Shot by Alex Burrows.
10:36 of 1st period - Stopped by Tuukka Rask without a rebound.
10:37 of 1st period - Jiri Tlusty wins face-off versus Filip Forsberg in Bruins zone.
10:40 of 1st period - Shot by Jiri Tlusty.
10:40 of 1st period - Stopped by Tuukka Rask without a rebound.
10:41 of 1st period - Filip Forsberg wins face-off versus Leo Komarov in Bruins zone.
10:50 of 1st period - Shot by John Tavares.
10:50 of 1st period - Stopped by Carey Price without a rebound.
10:51 of 1st period - Jiri Tlusty wins face-off versus Kyle Turris in Islanders zone.
11:01 of 1st period - Icing by Tyler Seguin.
11:02 of 1st period - Kyle Turris wins face-off versus Scott Glennie in Bruins zone.
11:02 of 1st period - Alex Goligoski is hit by Alex Burrows and loses puck.
11:11 of 1st period - Shot by Alex Burrows.
11:11 of 1st period - Shot Misses the Net.
11:22 of 1st period - Brent Burns is hit by Brian Strait and loses puck.
11:41 of 1st period - Shot by Alex Burrows.
11:41 of 1st period - Stopped by Tuukka Rask without a rebound.
11:42 of 1st period - Jiri Tlusty wins face-off versus Ryan O'Marra in Bruins zone.
11:42 of 1st period - Tomas Surovy is hit by Cody Franson and loses puck.
11:51 of 1st period - Shot by Dion Phaneuf.
11:51 of 1st period - Shot Misses the Net.
11:53 of 1st period - Shot by Cody Franson.
11:53 of 1st period - Shot Misses the Net.
11:59 of 1st period - Shot by Brad Marchand.
11:59 of 1st period - Shot Misses the Net.
12:01 of 1st period - Shot by Brad Marchand.
12:01 of 1st period - Stopped by Carey Price without a rebound.
12:02 of 1st period - Leo Komarov wins face-off versus Filip Forsberg in Islanders zone.
12:56 of 1st period - Icing by Dylan Olsen.
12:57 of 1st period - Ryan O'Marra wins face-off versus Leo Komarov in Islanders zone.
13:52 of 1st period - Shot by Jiri Tlusty.
13:52 of 1st period - Stopped by Tuukka Rask without a rebound.
13:53 of 1st period - Scott Glennie wins face-off versus Brent Burns in Bruins zone.
14:24 of 1st period - Shot by Tyler Seguin.
14:24 of 1st period - Shot Misses the Net.
14:38 of 1st period - Shot by Tyler Seguin.
14:38 of 1st period - Shot Misses the Net.
15:55 of 1st period - Shot by Charlie Coyle.
15:55 of 1st period - Deflect By Rickard Rakell.
15:55 of 1st period - Shot Misses the Net.
15:57 of 1st period - Shot by Rickard Rakell.
15:57 of 1st period - Shot Misses the Net.
15:59 of 1st period - Shot by Brent Burns.
15:59 of 1st period - Stopped by Carey Price with a rebound.
16:01 of 1st period - Shot by Charlie Coyle.
16:01 of 1st period - Deflect By Rickard Rakell.
16:01 of 1st period - Shot Misses the Net.
16:11 of 1st period - Dylan Olsen is hit by Brad Marchand and loses puck.
16:27 of 1st period - Icing by Alex Goligoski.
16:28 of 1st period - Casey Cizikas wins face-off versus Brad Marchand in Bruins zone.
16:28 of 1st period - Leo Komarov is hit by Ryan McDonagh.
16:38 of 1st period - Shot by Jared Cowen.
16:38 of 1st period - Shot Misses the Net.
16:44 of 1st period - Shot by Casey Cizikas.
16:44 of 1st period - Shot Misses the Net.
16:56 of 1st period - Shot by Brad Marchand.
16:56 of 1st period - Stopped by Carey Price with a rebound.
17:09 of 1st period - Icing by Ryan McDonagh.
17:10 of 1st period - Ryan O'Marra wins face-off versus Scott Glennie in Bruins zone.
17:10 of 1st period - Ryan O'Marra is hit by Alex Burrows.
17:40 of 1st period - Shot by Dale Weise.
17:40 of 1st period - Shot Blocked by Carl Gunnarsson.
18:06 of 1st period - Dion Phaneuf is hit by Grant Clitsome and loses puck.
18:12 of 1st period - Minor Penalty to Alex Burrows for Tripping.
18:13 of 1st period - Kyle Turris wins face-off versus Leo Komarov in Islanders zone.
18:48 of 1st period - Shot by Kyle Turris.
18:48 of 1st period - Stopped by Carey Price without a rebound.
18:49 of 1st period - Filip Forsberg wins face-off versus Leo Komarov in Islanders zone.
19:48 of 1st period - Shot by Brent Burns.
19:48 of 1st period - Stopped by Carey Price without a rebound.
19:49 of 1st period - Kyle Turris wins face-off versus Leo Komarov in Islanders zone.
19:50 of 1st period - Shot by Alex Goligoski.
19:50 of 1st period - Shot Misses the Net.
Goals for this period are 1 for Bruins vs 1 for Islanders.
Shots for this period are 13 for Bruins vs 10 for Islanders.

2nd period


0:01 of 2nd period - Leo Komarov wins face-off versus Kyle Turris in neutral zone.
0:01 of 2nd period - Leo Komarov is hit by Tyler Seguin.
0:06 of 2nd period - Leo Komarov is hit by Cody Franson and loses puck.
0:55 of 2nd period - Scott Gomez is hit by Alex Burrows and loses puck.
1:24 of 2nd period - Shot by Wayne Simmonds.
1:24 of 2nd period - Stopped by Tuukka Rask with a rebound.
1:26 of 2nd period - Shot by Wayne Simmonds.
1:26 of 2nd period - Stopped by Tuukka Rask without a rebound.
1:27 of 2nd period - Kyle Turris wins face-off versus Leo Komarov in Bruins zone.
1:27 of 2nd period - Kyle Turris is hit by Casey Cizikas.
1:32 of 2nd period - Off-side.
1:33 of 2nd period - Kyle Turris wins face-off versus Leo Komarov in neutral zone.
1:35 of 2nd period - Dion Phaneuf is hit by Leo Komarov.
1:36 of 2nd period - Minor Penalty to Leo Komarov for Roughing.
1:37 of 2nd period - Nick Bonino wins face-off versus Kyle Turris in Islanders zone.
1:46 of 2nd period - Carl Gunnarsson is hit by Brent Burns and loses puck.
1:59 of 2nd period - Shot by Brent Burns.
1:59 of 2nd period - Deflect By Tyler Seguin.
1:59 of 2nd period - Shot Misses the Net.
2:11 of 2nd period - Shot by Brent Burns.
2:11 of 2nd period - Shot Misses the Net.
2:13 of 2nd period - Shot by Dion Phaneuf.
2:13 of 2nd period - Shot Blocked by Nick Bonino.
2:15 of 2nd period - Shot by Kyle Turris.
2:15 of 2nd period - Stopped by Carey Price without a rebound.
2:16 of 2nd period - Scott Gomez wins face-off versus Chris Higgins in Islanders zone.
2:45 of 2nd period - Shot by Scott Gomez.
2:45 of 2nd period - Shot Blocked by Grant Clitsome.
2:47 of 2nd period - Shot by Brad Marchand.
2:47 of 2nd period - Shot Misses the Net.
2:49 of 2nd period - Shot by Alex Goligoski.
2:49 of 2nd period - Shot Misses the Net.
2:53 of 2nd period - Shot by Filip Forsberg.
2:53 of 2nd period - Shot Misses the Net.
2:55 of 2nd period - Shot by Scott Gomez.
2:55 of 2nd period - Shot Misses the Net.
2:57 of 2nd period - Shot by Scott Gomez.
2:57 of 2nd period - Shot Misses the Net.
3:11 of 2nd period - Cody Franson is hit by Grant Clitsome.
3:29 of 2nd period - Brian Strait is hit by Kyle Turris and loses puck.
3:36 of 2nd period - Shot by Tyler Seguin.
3:36 of 2nd period - Shot Blocked by Dylan Olsen.
3:54 of 2nd period - Shot by Drew Stafford.
3:54 of 2nd period - Shot Misses the Net.
4:30 of 2nd period - Dion Phaneuf is hit by Tomas Surovy and loses puck.
4:50 of 2nd period - Icing by Tomas Surovy.
4:51 of 2nd period - Jiri Tlusty wins face-off versus Ryan O'Marra in Islanders zone.
4:58 of 2nd period - Shot by Tomas Surovy.
4:58 of 2nd period - Stopped by Tuukka Rask without a rebound.
4:59 of 2nd period - Ryan O'Marra wins face-off versus Alex Burrows in Bruins zone.
5:15 of 2nd period - Icing by Carl Gunnarsson.
5:16 of 2nd period - Filip Forsberg wins face-off versus Scott Glennie in Islanders zone.
5:57 of 2nd period - Icing by Cody Franson.
5:58 of 2nd period - John Tavares wins face-off versus Leo Komarov in Bruins zone.
6:25 of 2nd period - Shot by Leo Komarov.
6:25 of 2nd period - Shot Misses the Net.
6:27 of 2nd period - Shot by Leo Komarov.
6:27 of 2nd period - Stopped by Tuukka Rask without a rebound.
6:28 of 2nd period - Jiri Tlusty wins face-off versus Kyle Turris in Bruins zone.
6:37 of 2nd period - Shot by Tomas Surovy.
6:37 of 2nd period - Stopped by Tuukka Rask without a rebound.
6:38 of 2nd period - Chris Higgins wins face-off versus Kyle Turris in Bruins zone.
6:45 of 2nd period - Shot by Denis Tolpeko.
6:45 of 2nd period - Shot Misses the Net.
6:49 of 2nd period - Shot by Nino Niederreiter.
6:49 of 2nd period - Shot Misses the Net.
7:05 of 2nd period - Shot by Kyle Turris.
7:05 of 2nd period - Shot Misses the Net.
7:18 of 2nd period - Tyler Seguin is hit by Carl Gunnarsson and loses puck.
7:35 of 2nd period - Shot by Wayne Simmonds.
7:35 of 2nd period - Shot Misses the Net.
8:25 of 2nd period - Icing by Brent Burns.
8:26 of 2nd period - Scott Glennie wins face-off versus Kyle Turris in Bruins zone.
8:27 of 2nd period - Shot by Alex Burrows.
8:27 of 2nd period - Stopped by Tuukka Rask without a rebound.
8:28 of 2nd period - Ryan O'Marra wins face-off versus Scott Glennie in Bruins zone.
8:34 of 2nd period - Off-side.
8:35 of 2nd period - Ryan O'Marra wins face-off versus Scott Glennie in neutral zone.
10:03 of 2nd period - Icing by Ryan McDonagh.
10:04 of 2nd period - Charlie Coyle wins face-off versus Jiri Tlusty in Bruins zone.
10:04 of 2nd period - Charlie Coyle is hit by Jiri Tlusty.
11:09 of 2nd period - Shot by Drew Stafford.
11:09 of 2nd period - Stopped by Tuukka Rask without a rebound.
11:10 of 2nd period - Kyle Turris wins face-off versus Chris Higgins in Bruins zone.
11:10 of 2nd period - Kyle Turris is hit by Nino Niederreiter.
11:16 of 2nd period - Shot by Tyler Seguin.
11:16 of 2nd period - Shot Blocked by Mike Lundin.
11:18 of 2nd period - Shot by Scott Gomez.
11:18 of 2nd period - Deflect By Tyler Seguin.
11:18 of 2nd period - Shot Misses the Net.
12:06 of 2nd period - Off-side.
12:07 of 2nd period - Leo Komarov wins face-off versus Jeff Tambellini in neutral zone.
12:52 of 2nd period - Rickard Rakell is hit by Carl Gunnarsson and loses puck.
13:40 of 2nd period - Jiri Tlusty is hit by Cody Franson and loses puck.
13:43 of 2nd period - Shot by Tomas Surovy.
13:43 of 2nd period - Shot Misses the Net.
13:45 of 2nd period - Shot by Jared Cowen.
13:45 of 2nd period - Stopped by Tuukka Rask without a rebound.
13:46 of 2nd period - Ryan O'Marra wins face-off versus Scott Glennie in Bruins zone.
13:46 of 2nd period - Ryan O'Marra is hit by Alex Burrows.
14:02 of 2nd period - Shot by Alex Burrows.
14:02 of 2nd period - Shot Blocked by Brent Burns.
14:18 of 2nd period - Shot by Scott Glennie.
14:18 of 2nd period - Stopped by Tuukka Rask without a rebound.
14:19 of 2nd period - Chris Higgins wins face-off versus Filip Forsberg in Bruins zone.
14:56 of 2nd period - Shot by Denis Tolpeko.
14:56 of 2nd period - Goal by Denis Tolpeko - Bruins : 1 - Islanders : 2.
14:57 of 2nd period - Jiri Tlusty wins face-off versus Ryan O'Marra in neutral zone.
15:06 of 2nd period - Jiri Tlusty is hit by Ryan O'Marra and loses puck.
15:16 of 2nd period - Wayne Simmonds is hit by Ryan McDonagh and loses puck.
15:44 of 2nd period - Icing by Ryan McDonagh.
15:45 of 2nd period - Scott Glennie wins face-off versus Brad Marchand in Bruins zone.
15:53 of 2nd period - Icing by Alex Goligoski.
15:54 of 2nd period - Casey Cizikas wins face-off versus Scott Gomez in Bruins zone.
16:12 of 2nd period - Icing by Ryan McDonagh.
16:13 of 2nd period - Scott Glennie wins face-off versus Brad Marchand in Bruins zone.
16:23 of 2nd period - Minor Penalty to Dylan Olsen for Goalie Interference.
16:24 of 2nd period - Kyle Turris wins face-off versus Leo Komarov in Islanders zone.
16:35 of 2nd period - Shot by Tyler Seguin.
16:35 of 2nd period - Stopped by Carey Price without a rebound.
16:36 of 2nd period - Kyle Turris wins face-off versus Leo Komarov in Islanders zone.
16:49 of 2nd period - Shot by Tyler Seguin.
16:49 of 2nd period - Shot Misses the Net.
16:51 of 2nd period - Shot by Dion Phaneuf.
16:51 of 2nd period - Stopped by Carey Price without a rebound.
16:52 of 2nd period - Leo Komarov wins face-off versus Kyle Turris in Islanders zone.
16:52 of 2nd period - Leo Komarov is hit by Tyler Seguin.
17:18 of 2nd period - Shot by Brent Burns.
17:18 of 2nd period - Shot Misses the Net.
17:29 of 2nd period - Brent Burns is hit by Carl Gunnarsson and loses puck.
18:32 of 2nd period - Shot by Charlie Coyle.
18:32 of 2nd period - Stopped by Carey Price without a rebound.
18:33 of 2nd period - Charlie Coyle wins face-off versus Scott Glennie in Islanders zone.
18:52 of 2nd period - Shot by Nick Bonino.
18:52 of 2nd period - Shot Misses the Net.
19:07 of 2nd period - Scott Glennie is hit by Dion Phaneuf and loses puck.
19:43 of 2nd period - Minor Penalty to Nino Niederreiter for Slashing.
19:44 of 2nd period - Nick Bonino wins face-off versus Kyle Turris in Islanders zone.
Goals for this period are 0 for Bruins vs 1 for Islanders.
Shots for this period are 4 for Bruins vs 10 for Islanders.

3rd period


0:01 of 3rd period - Kyle Turris wins face-off versus Leo Komarov in neutral zone.
0:28 of 3rd period - Carl Gunnarsson is hit by Tyler Seguin and loses puck.
1:31 of 3rd period - Shot by Filip Forsberg.
1:31 of 3rd period - Shot Blocked by Grant Clitsome.
1:33 of 3rd period - Shot by Alex Goligoski.
1:33 of 3rd period - Shot Blocked by Carl Gunnarsson.
1:41 of 3rd period - Shot by Brad Marchand.
1:41 of 3rd period - Stopped by Carey Price without a rebound.
1:42 of 3rd period - Filip Forsberg wins face-off versus Wayne Simmonds in Islanders zone.
2:06 of 3rd period - Minor Penalty to Rickard Rakell for Hooking.
2:07 of 3rd period - Jiri Tlusty wins face-off versus Scott Gomez in Bruins zone.
2:14 of 3rd period - Shot by Brian Strait.
2:14 of 3rd period - Shot Misses the Net.
2:16 of 3rd period - Shot by Wayne Simmonds.
2:16 of 3rd period - Stopped by Tuukka Rask without a rebound.
2:17 of 3rd period - Tyler Seguin wins face-off versus Scott Glennie in Bruins zone.
2:25 of 3rd period - Minor Penalty to Alex Burrows for Holding.
2:25 of 3rd period - Minor Penalty to Cody Franson for Interference.
2:26 of 3rd period - Chris Higgins wins face-off versus Kyle Turris in Bruins zone.
3:29 of 3rd period - Shot by Jared Cowen.
3:29 of 3rd period - Shot Misses the Net.
3:39 of 3rd period - Shot by Nino Niederreiter.
3:39 of 3rd period - Shot Misses the Net.
3:41 of 3rd period - Shot by Leo Komarov.
3:41 of 3rd period - Shot Misses the Net.
3:43 of 3rd period - Shot by Jared Cowen.
3:43 of 3rd period - Stopped by Tuukka Rask without a rebound.
3:44 of 3rd period - Kyle Turris wins face-off versus Chris Higgins in Bruins zone.
4:42 of 3rd period - Icing by Brent Burns.
4:43 of 3rd period - Nick Bonino wins face-off versus Ryan O'Marra in Bruins zone.
4:44 of 3rd period - Shot by Scott Glennie.
4:44 of 3rd period - Stopped by Tuukka Rask without a rebound.
4:45 of 3rd period - Ryan O'Marra wins face-off versus Scott Glennie in Bruins zone.
4:49 of 3rd period - Off-side.
4:50 of 3rd period - Ryan O'Marra wins face-off versus Scott Glennie in neutral zone.
5:31 of 3rd period - Shot by Alex Goligoski.
5:31 of 3rd period - Shot Misses the Net.
5:40 of 3rd period - Off-side.
5:41 of 3rd period - Kyle Turris wins face-off versus Jiri Tlusty in neutral zone.
5:41 of 3rd period - Kyle Turris is hit by Tomas Surovy.
5:47 of 3rd period - Icing by Grant Clitsome.
5:48 of 3rd period - Kyle Turris wins face-off versus Jiri Tlusty in Islanders zone.
5:48 of 3rd period - Dion Phaneuf is hit by Carl Gunnarsson and loses puck.
5:54 of 3rd period - Icing by Jiri Tlusty.
5:55 of 3rd period - Jiri Tlusty wins face-off versus Kyle Turris in Islanders zone.
6:13 of 3rd period - Shot by Kyle Turris.
6:13 of 3rd period - Stopped by Carey Price without a rebound.
6:14 of 3rd period - Leo Komarov wins face-off versus Ryan O'Marra in Islanders zone.
6:19 of 3rd period - Alex Goligoski is hit by Leo Komarov and loses puck.
7:33 of 3rd period - Shot by Jiri Tlusty.
7:33 of 3rd period - Goal by Jiri Tlusty - Bruins : 1 - Islanders : 3.
7:34 of 3rd period - Kyle Turris wins face-off versus Scott Glennie in neutral zone.
7:40 of 3rd period - Kyle Turris is hit by Dylan Olsen and loses puck.
7:54 of 3rd period - Icing by Alex Burrows.
7:55 of 3rd period - Filip Forsberg wins face-off versus Scott Glennie in Islanders zone.
8:13 of 3rd period - Alex Burrows is hit by Brent Burns and loses puck.
8:22 of 3rd period - Shot by Alex Burrows.
8:22 of 3rd period - Stopped by Tuukka Rask with a rebound.
8:36 of 3rd period - Shot by Carl Gunnarsson.
8:36 of 3rd period - Stopped by Tuukka Rask without a rebound.
8:37 of 3rd period - Charlie Coyle wins face-off versus Leo Komarov in Bruins zone.
8:39 of 3rd period - Icing by Rickard Rakell.
8:40 of 3rd period - Charlie Coyle wins face-off versus Jiri Tlusty in Bruins zone.
8:57 of 3rd period - Shot by Wayne Simmonds.
8:57 of 3rd period - Goal by Wayne Simmonds - Bruins : 1 - Islanders : 4.
8:58 of 3rd period - Leo Komarov wins face-off versus Ryan O'Marra in neutral zone.
9:17 of 3rd period - Alex Goligoski is hit by Leo Komarov and loses puck.
10:05 of 3rd period - Icing by Dion Phaneuf.
10:06 of 3rd period - Kyle Turris wins face-off versus Scott Glennie in Bruins zone.
10:37 of 3rd period - Shot by Alex Burrows.
10:37 of 3rd period - Shot Blocked by Dion Phaneuf.
10:45 of 3rd period - Shot by Alex Burrows.
10:45 of 3rd period - Stopped by Tuukka Rask with a rebound.
10:47 of 3rd period - Shot by Alex Burrows.
10:47 of 3rd period - Stopped by Tuukka Rask with a rebound.
11:50 of 3rd period - Icing by Ryan McDonagh.
11:51 of 3rd period - Ryan O'Marra wins face-off versus Leo Komarov in Bruins zone.
12:02 of 3rd period - Shot by Brian Strait.
12:02 of 3rd period - Shot Blocked by Ryan McDonagh.
12:04 of 3rd period - Shot by Drew Stafford.
12:04 of 3rd period - Stopped by Tuukka Rask without a rebound.
12:05 of 3rd period - Filip Forsberg wins face-off versus Scott Glennie in Bruins zone.
12:05 of 3rd period - Filip Forsberg is hit by Alex Burrows.
12:25 of 3rd period - Shot by Mike Lundin.
12:25 of 3rd period - Shot Misses the Net.
12:27 of 3rd period - Shot by Scott Glennie.
12:27 of 3rd period - Shot Misses the Net.
12:29 of 3rd period - Shot by Alex Burrows.
12:29 of 3rd period - Stopped by Tuukka Rask with a rebound.
12:31 of 3rd period - Shot by Nick Bonino.
12:31 of 3rd period - Shot Misses the Net.
12:33 of 3rd period - Shot by Dylan Olsen.
12:33 of 3rd period - Shot Misses the Net.
12:35 of 3rd period - Shot by Scott Glennie.
12:35 of 3rd period - Shot Misses the Net.
12:37 of 3rd period - Shot by Alex Burrows.
12:37 of 3rd period - Shot Hit the Post.
12:39 of 3rd period - Shot by Alex Burrows.
12:39 of 3rd period - Deflect By Nick Bonino.
12:39 of 3rd period - Shot Blocked by Ryan McDonagh.
12:41 of 3rd period - Shot by Alex Burrows.
12:41 of 3rd period - Stopped by Tuukka Rask without a rebound.
12:42 of 3rd period - Ryan O'Marra wins face-off versus Leo Komarov in Bruins zone.
12:53 of 3rd period - Brad Marchand is hit by Leo Komarov and loses puck.
13:48 of 3rd period - Carl Gunnarsson is hit by Ryan O'Marra and loses puck.
13:49 of 3rd period - Carl Gunnarsson from Islanders is injured at 13:49 of 3rd period (Left Leg).
13:50 of 3rd period - Filip Forsberg wins face-off versus Scott Glennie in Islanders zone.
13:54 of 3rd period - Icing by Dylan Olsen.
13:55 of 3rd period - Filip Forsberg wins face-off versus Scott Glennie in Islanders zone.
14:13 of 3rd period - Icing by Alex Goligoski.
14:14 of 3rd period - Filip Forsberg wins face-off versus Jiri Tlusty in Bruins zone.
14:27 of 3rd period - Shot by John Tavares.
14:27 of 3rd period - Deflect By Filip Forsberg.
14:27 of 3rd period - Shot Misses the Net.
14:29 of 3rd period - Shot by Alex Goligoski.
14:29 of 3rd period - Shot Blocked by Tomas Surovy.
14:47 of 3rd period - Shot by John Tavares.
14:47 of 3rd period - Shot Misses the Net.
14:49 of 3rd period - Shot by Filip Forsberg.
14:49 of 3rd period - Shot Misses the Net.
15:16 of 3rd period - Cody Franson is hit by Dylan Olsen and loses puck.
16:04 of 3rd period - Off-side.
16:05 of 3rd period - Kyle Turris wins face-off versus Leo Komarov in neutral zone.
16:07 of 3rd period - Dmitri Kalinin is hit by Jared Cowen and loses puck.
16:12 of 3rd period - Shot by Kyle Turris.
16:12 of 3rd period - Stopped by Carey Price without a rebound.
16:13 of 3rd period - Kyle Turris wins face-off versus Casey Cizikas in Islanders zone.
17:18 of 3rd period - Icing by Cody Franson.
17:19 of 3rd period - Ryan O'Marra wins face-off versus Scott Glennie in Bruins zone.
17:30 of 3rd period - Shot by Dylan Olsen.
17:30 of 3rd period - Stopped by Tuukka Rask without a rebound.
17:31 of 3rd period - Jiri Tlusty wins face-off versus Filip Forsberg in Bruins zone.
17:31 of 3rd period - Jiri Tlusty is hit by Dmitri Kalinin.
17:32 of 3rd period - Minor Penalty to Brent Burns for Boarding.
17:33 of 3rd period - Tyler Seguin wins face-off versus Scott Glennie in Bruins zone.
17:52 of 3rd period - Shot by Scott Glennie.
17:52 of 3rd period - Stopped by Tuukka Rask with a rebound.
17:54 of 3rd period - Shot by Dylan Olsen.
17:54 of 3rd period - Stopped by Tuukka Rask with a rebound.
17:56 of 3rd period - Shot by Dylan Olsen.
17:56 of 3rd period - Stopped by Tuukka Rask without a rebound.
17:57 of 3rd period - Tyler Seguin wins face-off versus Wayne Simmonds in Bruins zone.
18:05 of 3rd period - Off-side.
18:06 of 3rd period - Tyler Seguin wins face-off versus Scott Glennie in neutral zone.
18:17 of 3rd period - Ryan McDonagh is hit by Alex Burrows and loses puck.
19:10 of 3rd period - Shot by Jiri Tlusty.
19:10 of 3rd period - Shot Misses the Net.
19:12 of 3rd period - Shot by Grant Clitsome.
19:12 of 3rd period - Shot Blocked by Cody Franson.
19:53 of 3rd period - Shot by John Tavares.
19:53 of 3rd period - Deflect By Dale Weise.
19:53 of 3rd period - Shot Misses the Net.
19:59 of 3rd period - Shot by John Tavares.
19:59 of 3rd period - Shot Misses the Net.
Goals for this period are 0 for Bruins vs 2 for Islanders.
Shots for this period are 3 for Bruins vs 16 for Islanders.